Map: Primeval Wilds

Players

sergio - Winner!

  • Race: Zerg Zerg
  • Spawn Location: 3:00

DanyMETAL - Winner!

  • Race: Protoss Protoss
  • Spawn Location: 12:00

Infamous - Winner!

  • Race: Protoss Protoss
  • League: Silver
  • Spawn Location: 12:00

EmperorTodd - Winner!

  • Race: Terran Terran
  • Spawn Location: 9:00

JonathanT

  • Race: Terran Terran
  • Spawn Location: 6:00

disherd

  • Race: Zerg Zerg
  • Spawn Location: 6:00

fdg

  • Race: Protoss Protoss
  • Spawn Location: 7:00

Starlord

  • Race: Terran Terran
  • Spawn Location: 5:00

VOD

Have the link to the VOD?

Description

Time

  • Played on: March 14, 2018, 10:12 a.m.
  • Length: 2:41
Show
View Real Time Build Order
Export as new Build Order

sergio Zerg - Winner!

Build Orders: Pool First 

Get SALT Encoding   

  13  0:21  Drone  
  13  0:23  Overlord  
  13  0:24  Overlord  
  13  0:32  Extractor  
  12  0:37  Extractor  
  12  0:40  Drone  
  12  0:52  Drone  
  13  1:02  Drone  
  14  1:16  Spawning Pool  
  13  1:19  Drone  
  13  1:20  Drone  
  15  1:39  Drone  
  16  1:52  Drone x2, Evolution Chamber  
  17  2:17  Hatchery  
Show
View Real Time Build Order
Export as new Build Order

DanyMETAL Protoss - Winner!

Build Orders:  

Get SALT Encoding   

  12  0:10  Probe  
  13  0:22  Probe  
  14  0:29  Pylon  
  14  0:34  Probe  
  15  0:46  Pylon  
  15  0:47  Probe  
  16  0:52  Pylon  
  16  0:59  Probe  
  17  1:04  Gateway  
  17  1:44  Assimilator  
  17  1:49  Assimilator  
  17  1:52  Forge  
  17  1:57  Gateway  
  17  2:00  Gateway  
  17  2:01  Gateway  
  17  2:02  Pylon  
  17  2:10  Probe (Chrono Boost)  
  18  2:20  Probe (Chrono Boost)  
  19  2:25  Probe (Chrono Boost)  
Show
View Real Time Build Order
Export as new Build Order

Infamous Protoss - Winner!

Build Orders:  

Get SALT Encoding   

  12  0:03  Probe  
  13  0:18  Probe  
  14  0:24  Pylon  
  14  0:30  Probe  
  15  0:42  Probe  
  16  0:45  Gateway  
  16  0:54  Probe  
  17  1:08  Probe, Assimilator  
  18  1:21  Probe  
  19  1:35  Cybernetics Core  
  19  1:37  Pylon, Probe (Chrono Boost)  
  21  1:47  Probe (Chrono Boost)  
  21  1:55  Zealot  
  21  1:56  Probe  
  21  2:00  Assimilator  
  24  2:06  Forge  
  24  2:13  Probe  
  25  2:21  Pylon  
Show
View Real Time Build Order
Export as new Build Order

EmperorTodd Terran - Winner!

Build Orders:  

Get SALT Encoding   

  12  0:03  SCV  
  13  0:15  SCV  
  14  0:33  Supply Depot  
  14  0:37  SCV  
  15  0:53  Supply Depot  
  15  1:11  Supply Depot  
  15  1:15  Barracks  
  15  1:16  Supply Depot  
  15  1:18  Refinery  
  15  1:19  SCV  
  16  1:31  SCV  
  17  1:43  SCV  
  18  1:47  Supply Depot  
  18  1:55  SCV  
  19  2:08  SCV  
  20  2:13  Refinery  
Show
View Real Time Build Order
Export as new Build Order

JonathanT Terran 

Build Orders:  

Get SALT Encoding   

  12  0:14  SCV  
  13  0:38  SCV  
Show
View Real Time Build Order
Export as new Build Order

disherd Zerg 

Build Orders:  

Get SALT Encoding   

  12  0:03  Drone  
  13  0:08  Drone  
  14  0:17  Overlord  
  11  1:57  Drone x2  
  11  1:58  Drone  
Show
View Real Time Build Order
Export as new Build Order

fdg Protoss 

Build Orders:  

Get SALT Encoding   

  12  0:19  Probe  
  13  0:23  Pylon  
  13  0:37  Pylon  
  14  0:50  Probe  
  14  1:02  Probe  
  15  1:11  Nexus  
  15  1:14  Probe  
  11  1:26  Probe  
Show
View Real Time Build Order
Export as new Build Order

Starlord Terran 

Build Orders:  

Get SALT Encoding   

  7  2:06  SCV  
  8  2:18  SCV  
Tags
 
Add a new tag
Caveats
  • Supply blocks, unpowered buildings, or Contaminate may cause inaccurate times.
  • Supply counts are checked every 10 seconds.